 Dungeon Crawl Stone Soup version 0.20.0-6-gd3061e9 (webtiles) character file.

1015 MTVSty1e the Cleaver (level 8, 0/109 HPs)
             Began as a Minotaur Berserker on May 28, 2017.
             Was a Priest of Trog.
             Killed by divine providence
             ... invoked by an orc priest
              (11 damage)
             ... on level 5 of the Dungeon.
             The game lasted 00:06:05 (3467 turns).

MTVSty1e the Cleaver (Minotaur Berserker)           Turns: 3467, Time: 00:06:06

Health: 0/109      AC:  9    Str: 28    XL:     8   Next: 1%
Magic:  7/7        EV:  9    Int:  4    God:    Trog [***...]
Gold:   289        SH:  0    Dex: 11    Spells: 7/7 levels left

rFire    . . .     SeeInvis .   a - +0 hand axe
rCold    . . .     Gourm    .   (no shield)
rNeg     . . .     Faith    .   w - +0 chain mail
rPois    .         Spirit   .   (helmet restricted)
rElec    .         Reflect  .   (no cloak)
rCorr    .         Harm     .   t - +0 pair of gloves
MR       .....                  (no boots)
Stlth    ..........             (no amulet)
Regen    0.3/turn               (no ring)
MPRegen  0.1/turn               (no ring)

@: berserking, very quick
A: retaliatory headbutt, horns 2
a: Berserk, Trog's Hand, Burn Spellbooks, Renounce Religion


You were on level 5 of the Dungeon.
You worshipped Trog.
Trog was most pleased with you.
You were near starving.

You visited 1 branch of the dungeon, and saw 5 of its levels.

You collected 289 gold pieces.

Inventory:

Hand Weapons
 a - a +0 hand axe (weapon)
Armour
 t - a +0 pair of gloves (worn)
 w - a +0 chain mail (worn)
Scrolls
 d - 3 scrolls of recharging {unknown}
 e - 2 scrolls of immolation {unknown}
 f - a scroll of random uselessness {unknown}
 j - a scroll of fear {unknown}
 k - a scroll of noise {unknown}
 l - a scroll of blinking {unknown}
 m - 2 scrolls of teleportation {unknown}
 o - a scroll of magic mapping {unknown}
 p - a scroll of remove curse {unknown}
 s - a scroll of identify {unknown}
 y - 2 scrolls of amnesia {unknown}
Potions
 g - a potion of cancellation {unknown}
 h - a potion of mutation {unknown}
 i - 2 potions of curing {unknown}
 n - 3 potions of brilliance {unknown}
 r - a potion of magic {unknown}
 u - 2 potions of lignification {unknown}
 v - 2 potions of flight {unknown}
Comestibles
 b - 3 meat rations
 c - 2 bread rations
 q - 4 fruits
 x - 2 royal jellies


   Skills:
 + Level 7.0 Fighting
 + Level 10.0 Axes
 - Level 2.4 Armour
 - Level 2.1 Dodging


You had 7 spell levels left.
You didn't know any spells.

Dungeon Overview and Level Annotations

Branches:
Dungeon (5/15)             Temple (0/1) D:5

Altars:
Ashenzari
Dithmenos
Gozag
Makhleb
Uskayaw
Xom

Shops:
D:4 [


Innate Abilities, Weirdness & Mutations

You reflexively headbutt those who attack you in melee.
You have a pair of horns on your head.


Message History

The orc hits you from afar with a trident.
* * * LOW HITPOINT WARNING * * *
You closely miss the orc wizard.
The orc wizard is almost dead.
You hit the orc priest. You slash the sky beast!
You kill the sky beast!
Trog accepts your kill.
Your Fighting skill increases to level 7!
The orc wizard hits you but does no damage.
You slash the orc wizard!
You kill the orc wizard!
Trog accepts your kill.
Trog appreciates your killing of a magic user.
Your Axes skill increases to level 10!
You have reached level 8!
You feel agile.
You hit the orc priest.
The orc priest invokes the aid of Beogh against you.
Beogh smites you!
You die...

......≈≈≈.....# ..
.......o≈§≈≈....#..
#..##.≈≈≈)§§≈..##.# ##..
#.≈§≈>≈§≈####.## +...
+.≈§≈≈≈≈≈......+ #...
#..≈≈§≈≈.......# #.o
#...≈§§..#..####
#..##.)######.?###).####
......o@.........#.†.<..
........)........#......
...##..##..##....#......
. #.. #..##...###.###.
#.. #..##...###.###. ...
#..+............ ....
#..#............ .##.#
#.###.######.###
#.###.###


You could see an orc priest and an orc.

Vanquished Creatures
  A sky beast (D:5)
  3 ogres
  A phantom (D:5)
  The ghost of inmateoo the Insei, an amateur TeTm (D:3)
  A scorpion (D:5)
  The ghost of herpmino the Cudgeler, a weakling DgGl (D:4)
  An orc priest (D:4)
  4 orc wizards
  A worker ant (D:5)
  2 hound skeletons
  4 gnolls
  9 adders
  An adder zombie (D:5)
  2 worms (D:3)
  3 dart slugs
  2 leopard geckos
  16 orcs
  2 giant cockroaches
  6 goblins
  7 hobgoblins
  4 jackals (D:3)
  2 quokkas
  A ball python (D:2)
  2 bats
  3 frilled lizards
  2 kobolds (D:3)
  2 quokka skeletons
  9 rats
93 creatures vanquished.

Notes
Turn   | Place    | Note
-------+----------+-------------------------------------------
     0 | D:1      | MTVSty1e the Minotaur Berserker began the quest for the Orb.
     0 | D:1      | Reached XP level 1. HP: 19/19 MP: 0/0
   356 | D:1      | Reached skill level 4 in Axes
   356 | D:1      | Reached XP level 2. HP: 23/27 MP: 1/1
   963 | D:2      | Reached XP level 3. HP: 24/33 MP: 2/2
  1240 | D:2      | Reached skill level 5 in Axes
  1312 | D:3      | Reached XP level 4. HP: 31/41 MP: 3/3
  1396 | D:3      | Reached ** piety under Trog
  1399 | D:3      | Noticed inmateoo's ghost (amateur TeTm)
  1405 | D:3      | Killed inmateoo's ghost
  1405 | D:3      | Reached skill level 5 in Fighting
  1405 | D:3      | Reached skill level 6 in Axes
  1405 | D:3      | Reached XP level 5. HP: 30/48 MP: 4/4
  2432 | D:4      | Noticed herpmino's ghost (weakling DgGl)
  2445 | D:4      | Killed herpmino's ghost
  2445 | D:4      | Reached skill level 7 in Axes
  2445 | D:4      | Reached XP level 6. HP: 18/56 MP: 5/5
  2925 | D:4      | Found Diose's Armour Shop.
  2942 | D:4      | Found a burning altar of Makhleb.
  2942 | D:4      | Found a hide-covered altar of Uskayaw.
  2942 | D:4      | Found an opulent altar of Gozag.
  2942 | D:4      | Found a shadowy altar of Dithmenos.
  2949 | D:4      | Found a shattered altar of Ashenzari.
  2951 | D:4      | Found a shimmering altar of Xom.
  3084 | D:4      | Reached skill level 8 in Axes
  3088 | D:4      | Reached *** piety under Trog
  3256 | D:5      | Entered Level 5 of the Dungeon
  3299 | D:5      | Reached XP level 7. HP: 63/63 MP: 6/6
  3387 | D:5      | Found a staircase to the Ecumenical Temple.
  3401 | D:5      | Reached skill level 9 in Axes
  3467 | D:5      | Reached skill level 10 in Axes
  3467 | D:5      | Reached XP level 8. HP: 11/73 MP: 7/7
  3467 | D:5      | Killed from afar by an orc priest

Skill      XL: |  1  2  3  4  5  6  7 |
---------------+----------------------+-----
Fighting       | 4 5 6 7 |  7.0
Axes           | 4 5 6 7 8 10 | 10.0
Armour         | |  2.4
Dodging        | |  2.1

Action                   |  1- 3 |  4- 6 |  7- 9 || total
-------------------------+-------+-------+-------++-------
Melee: Hand axe          |    66 |   134 |    37 ||   237
       Headbutt          |     7 |    27 |    10 ||    44
Invok: Berserk           |       |     2 |     2 ||     4
  Eat: Bread ration      |     1 |       |       ||     1
       Royal jelly       |       |     2 |       ||     2
       Chunk             |       |     2 |       ||     2
Armor: Animal skin       |     3 |       |       ||     3
       Leather armour    |     2 |     2 |       ||     4
       Chain mail        |       |    52 |    25 ||    77
Dodge: Dodged            |    43 |    56 |    18 ||   117
